[Event "*** Titled Tuesday Blitz"]
[Site "Chess.com"]
[Date "2021.04.06"]
[Round "4"]
[White "SirStrateg"]
[Black "I_Enchev"]
[Result "1/2-1/2"]
[WhiteElo "2633"]
[BlackElo "2493"]
[TimeControl "180+1"]
[EndTime "10:40:33 PDT"]
[Termination "Game drawn by repetition"]

1. d4 Nf6 2. Nf3 d5 3. c3 Bf5 4. Bf4 e6 5. e3 c5 6. Nh4 Bg4 7. Qb3 Qb6 8. h3 Bh5 9. Nd2 c4 10. Qc2 h6 11. g4 g5 12. Be5 Nbd7 13. gxh5 gxh4 14. Bxf6 Nxf6 15. Be2 Bd6 16. O-O-O Qa5 17. Kb1 O-O-O 18. e4 Bf4 19. exd5 Bxd2 20. Qxd2 Qxd5 21. Qf4 Qe4+ 22. Qxe4 Nxe4 23. Rh2 Nd6 24. Rg1 Rdg8 25. Rg4 f5 26. Rg6 Rxg6 27. hxg6 Rg8 28. Rg2 Rg7 29.
Kc2 Kd7 30. Kd2 Ne4+ 31. Ke3 Ng5 32. Bxc4 Ke7 33. f4 Ne4 34. d5 Nd6 35. Bb3 exd5 36. Bxd5 Kf6 37. c4 b6 38. b4 Rc7 39. Kd4 Ne8 40.
c5 Ng7 41. a4 Nh5 42. cxb6 axb6 43. a5 bxa5 44. bxa5 Ra7 45. Ra2 Nxf4 46. a6 Nxh3 47. Kc5 Kxg6 48. Kb6 Rxa6+ 49. Kxa6 Nf4 50. Bf3 h3 51.
Kb5 Kg5 52. Kc4 Kh4 53. Kd4 Kg3 54. Ke3 Ng2+ 55. Ke2 Nf4+ 56. Ke3 Ng2+ 57. Ke2 Nf4+ 58. Ke3 1/2-1/2

[Event "*** Titled Tuesday Blitz"]
[Site "Chess.com"]
[Date "2021.04.06"]
[Round "4"]
[White "ErikRonka"]
[Black "VitaRasik"]
[Result "0-1"]
[WhiteElo "2440"]
[BlackElo "2598"]
[TimeControl "180+1"]
[EndTime "10:40:33 PDT"]
[Termination "VitaRasik won by checkmate"]

1. d4 d6 2. e4 g6 3. Bc4 Bg7 4.
Nf3 c6 5. h3 d5 6. Bb3 dxe4 7.
Ng5 Nh6 8. c3 O-O 9. Nxe4 Nf5 10.
O-O Nd6 11. Nbd2 Na6 12. Re1 Nc7 13. Nc5 b6 14. Nd3 Be6 15. Nf3 Bxb3 16. axb3 Nd5 17. Qe2 e6 18. Nfe5 Qc7 19. h4 Nf6 20. Bf4 b5 21. Nc5 a5 22. Qf3 Rac8 23. Ned3 Qe7 24. Rxa5 Nf5 25. g3 h5 26. Rea1 Rfd8 27. Ra7 Qe8 28. Bg5 Ra8 29. Ne5 Rxa7 30. Rxa7 Rd5 31.
Ra6 Nh7 32. Bf4 Bxe5 33. Bxe5 Nf8 34. Bf4 Nd7 35. Nxd7 Qxd7 36. Ra8+ Kh7 37. Be5 Rxe5 38. dxe5 c5 39. Ra1 Qd2 40. Rd1 Qxb2 41. Rd7 Kg7 42. Qf4 Qb1+ 43. Kg2 Qc2 44. Qg5 Qe4+ 45. Kh2 Qxe5 46. Qd8 Qe2 47. Kg2 Ne3+ 48. Kh3 Qf1+ 49. Kh2 Qg2# 0-1

[Event "*** Titled Tuesday Blitz"]
[Site "Chess.com"]
[Date "2021.04.06"]
[Round "4"]
[White "Byniolus"]
[Black "anon102030"]
[Result "0-1"]
[WhiteElo "2882"]
[BlackElo "2731"]
[TimeControl "180+1"]
[EndTime "10:40:34 PDT"]
[Termination "anon102030 won by checkmate"]

1. d4 Nf6 2. Nf3 d6 3. Bf4 g6 4. h3 Bg7 5. e3 O-O 6. Be2 Nc6 7. O-O Re8 8. Bh2 Bf5 9. c3 e5 10. Nbd2 Ne4 11. Qb3 Nxd2 12. Nxd2 Rb8 13. Bf3 e4 14. Be2 h5 15. Rac1 b5 16. a3 Na5 17. Qc2 d5 18. a4 a6 19. axb5 axb5 20. Ra1 Nc4 21.
b3 Nd6 22. Ra7 Re7 23. Rfa1 Bd7 24. b4 Be8 25. Nb3 Nc8 26. R7a5 Nd6 27. Nc5 f5 28. Qa2 Nc4 29. Ra8 Kh7 30. Rxb8 Qxb8 31. Qa7 Qd8 32.
Qb7 c6 33. Qa8 Qxa8 34. Rxa8 g5 35. Rd8 Bg6 36. Bxc4 bxc4 37. Ra8 f4 38. h4 fxe3 39. fxe3 gxh4 40. Ra6 Bh6 41. Kf2 Bf5 42. Rxc6 Rf7 43. Bf4 Bg4 44. b5 Bxf4 45. exf4 Rxf4+ 46. Ke3 Rf1 47. b6 Re1+ 48. Kf2 Re2+ 49. Kf1 Rb2 50. b7 e3 51. Rc7+ Kg6 52. Re7 Rb1# 0-1

[Event "*** Titled Tuesday Blitz"]
[Site "Chess.com"]
[Date "2021.04.06"]
[Round "4"]
[White "Blitzking642"]
[Black "IwkooO"]
[Result "0-1"]
[WhiteElo "2454"]
[BlackElo "2606"]
[TimeControl "180+1"]
[EndTime "10:40:34 PDT"]
[Termination "IwkooO won by resignation"]

1. e4 c5 2. Nf3 e6 3. d4 cxd4 4.
Nxd4 Nc6 5. Nc3 a6 6. Be2 Nf6 7. O-O d6 8. Be3 Be7 9. f4 O-O 10. Qe1 Nxd4 11. Bxd4 b5 12. a3 Nd7 13. Qg3 Bf6 14. e5 dxe5 15. fxe5 Bh4 16. Qf3 Rb8 17. Rad1 Bb7 18. Qg4 Qg5 19. Qxg5 Bxg5 20. Rd3 Rbc8 21. Rfd1 Nc5 22. Rg3 Be7 23. Bf3 Rfd8 24. Bxb7 Nxb7 25. Rgd3 Nc5 26. R3d2 Kf8 27. Be3 Rxd2 28. Rxd2 Ke8 29. Kf2 Nd7 30. Bd4 Bc5 31. Ke3 Nxe5 32. Bxc5 Nc4+ 33.
Kd4 Nxd2 34. Bb4 Nc4 35. b3 e5+ 36. Kd3 Nb6 37. Ne4 Rd8+ 38. Ke2 Nd5 39. Bc5 f5 40. Nd6+ Kd7 41. Nxf5 Kc6 42. b4 Nf4+ 43.
Kf3 Rd2 44. Ne7+ Kd7 45. Nf5 Rxc2 46. Nxg7 Nxg2 47. Ke4 Nh4 48. Kxe5 Ng6+ 49. Kf6 Rf2+ 50. Kg5 Rxh2 51. Nh5 Ra2 52. Nf6+ Kc6 53. Nxh7 Ne5 54. Kf5 Nd3 55. Nf6 Nxc5 56. bxc5 Kxc5 57. Ke4 0-1

[Event "*** Titled Tuesday Blitz"]
[Site "Chess.com"]
[Date "2021.04.06"]
[Round "4"]
[White "vpantev"]
[Black "KacperPolOK"]
[Result "1-0"]
[WhiteElo "2600"]
[BlackElo "2414"]
[TimeControl "180+1"]
[EndTime "10:40:34 PDT"]
[Termination "vpantev won by resignation"]

1. d4 e6 2. Nf3 f5 3. g3 Nf6 4. Bg2 d5 5. Bf4 Be7 6. Nbd2 O-O 7. O-O Bd7 8. Ne5 Be8 9. c4 c6 10. Qb3 Qb6 11. c5 Qxb3 12. axb3 Nbd7 13. Nxd7 Nxd7 14.
b4 a6 15. Nf3 h6 16. h4 Bh5 17. Rfe1 Rae8 18. Bc7 Bf6 19. Bd6 Rf7 20. Ne5 Nxe5 21. dxe5 Bd8 22. f3 g5 23. hxg5 hxg5 24.
Kf2 Rh7 25. Rh1 Kg7 26. Rh2 Reh8 27. Rah1 Bg6 28. Rxh7+ Rxh7 29. Ra1 f4 30. g4 Bc2 31. Rc1 Ba4 32. Rh1 Rxh1 33. Bxh1 a5 34. bxa5 Bxa5 35. e3 Bd2 36. exf4 Bxf4 37. Bg2 Bc1 38. Bf1 Bc2 39.
b4 Ba4 40. Bd3 Bd2 41. Ke2 Bxb4 42. Be7 Ba3 43. Bxg5 Bxc5 44. Bf6+ Kf8 45. f4 Be7 46. Bxe7+ Kxe7 47. f5 exf5 48. gxf5 c5 49. f6+ Kf7 50. Bf5 d4 51. Be4 Bb5+ 52. Kd2 b6 53. Bd5+ Kg6 54. Be4+ Kf7 55. Bd5+ Ke8 56. e6 Bf1 57.
Bc6+ Kd8 58. e7+ Kc7 59. e8=Q 1-0

[Event "*** Titled Tuesday Blitz"]
[Site "Chess.com"]
[Date "2021.04.06"]
[Round "4"]
[White "OlifantCZ"]
[Black "MaevskiyNikolay"]
[Result "1/2-1/2"]
[WhiteElo "2298"]
[BlackElo "2571"]
[TimeControl "180+1"]
[EndTime "10:40:34 PDT"]
[Termination "Game drawn by agreement"]

1. c4 c6 2. g3 d5 3. Bg2 Nf6 4. Nf3 Bf5 5. cxd5 Nxd5 6. O-O e6 7. d3 Bg6 8. Nc3 Be7 9. e4 Nb4 10. d4 O-O 11. a3 N4a6 12. Ne5 Nd7 13. Nxg6 hxg6 14. Be3 Nb6 15. Qb3 Rc8 16. Rfd1 Re8 17. Rac1 Bd6 18. Na4 Nxa4 19. Qxa4 Qe7 20. b4 Nc7 21. e5 a6 22. exd6 Qxd6 23. Qa5 Qd7 24. Qb6 Nb5 25. a4 Nd6 26. Bf4 Nf5 27. b5 axb5 28.
axb5 cxb5 29. Rxc8 Rxc8 30. Bxb7 Rd8 31. Bc6 Qe7 32. Bxb5 g5 33. Be5 f6 34. Bc7 Rc8 35.
Rc1 Kf7 36. Ba6 Rh8 37. Bc4 Re8 38. d5 exd5 39. Bxd5+ Kg6 40. Qb1 g4 41. Bc4 Qxc7 42.
Bd3 Qe5 43. Rd1 Kg5 44. Bxf5 Qxf5 45. Qxf5+ Kxf5 46. Kg2 Re5 47. Rd7 g6 48. Rd6 Kg5 49. Rd4 f5 50. h3 gxh3+ 51. Kxh3 Re2 52. f4+ Kh6 53. Rd6 Re3 54. Kg2 1/2-1/2

[Event "*** Titled Tuesday Blitz"]
[Site "Chess.com"]
[Date "2021.04.06"]
[Round "4"]
[White "YumiBear"]
[Black "anon6121824"]
[Result "0-1"]
[WhiteElo "2544"]
[BlackElo "2780"]
[TimeControl "180+1"]
[EndTime "10:40:35 PDT"]
[Termination "anon6121824 won by resignation"]

1. e4 Nf6 2. e5 Nd5 3. d4 d6 4. Nf3 Nb6 5. Bd3 g6 6. O-O Bg7 7. exd6 cxd6 8. h3 O-O 9. c4 Nc6 10. Be3 e5 11. dxe5 dxe5 12. Nc3 Be6 13. Qe2 Re8 14. Rfd1 Nd4 15. Bxd4 exd4 16. Ne4 Bxc4 17. Bxc4 Nxc4 18. Qxc4 Rxe4 19. Rd3 Qd7 20. Rad1 Rd8 21. Qc5 b6 22. Qg5 h6 23. Qd2 g5 24. Rc1 Rde8 25. Rd1 g4 26. hxg4 Qxg4 27. Kf1 Qh5 28. Ng1 Qg6 29. Rg3 Qe6 30. Nf3 Kh8 31. Kg1 f5 32. Qd3 Qxa2 33. Rg6 Qf7 34. Rc6 R8e6 35. Rc8+ Kh7 36. Rdc1 Re7 37. R8c6 Qh5 38. Rc7 Qg6 39.
Rxe7 Rxe7 40. Rc8 Qe6 41. Rc1 Qe4 42. Qb5 d3 43. Re1 d2 44. Rd1 Bf6 45. Rxd2 Rg7 46. Rd3 h5 47. Qd5 Bxb2 48. Qxe4 fxe4 49. Rb3 exf3 50.
Rxb2 Rxg2+ 51. Kf1 Rg5 52. Rb3 Rf5 53. Rc3 Kg6 54. Rc7 Ra5 55. Rc6+ Kg5 56. Rc3 0-1

[Event "*** Titled Tuesday Blitz"]
[Site "Chess.com"]
[Date "2021.04.06"]
[Round "4"]
[White "iamnotIM"]
[Black "Evgeny81"]
[Result "0-1"]
[WhiteElo "2544"]
[BlackElo "2776"]
[TimeControl "180+1"]
[EndTime "10:40:35 PDT"]
[Termination "Evgeny81 won by resignation"]

1. e4 e5 2. Nf3 Nc6 3. Bc4 Nf6 4.
d3 Be7 5. a4 d6 6. Bb3 Na5 7.
Ba2 c5 8. Nc3 O-O 9. Bg5 Nc6 10.
Bxf6 Bxf6 11. Nd5 Be6 12. h3 g6 13. Nxf6+ Qxf6 14. O-O Rad8 15. Re1 Bxa2 16. Rxa2 Qe6 17. Ra1 f5 18. c3 fxe4 19. dxe4 Kg7 20. Qd5 Qxd5 21.
exd5 Ne7 22. Rad1 h6 23. Nd2 Ng8 24. Ne4 Nf6 25. f3 Nxe4 26. Rxe4 g5 27. Kf2 Rf4 28.
Rde1 Rdf8 29. R1e3 R8f7 30. Ke2 h5 31. a5 Kg6 32.
Kf2 g4 33. hxg4 hxg4 34. Rxf4 Rxf4 35. Re4 Kf5 36. Ke3 gxf3 37. gxf3 b5 38. axb6 axb6 39.
Rxf4+ exf4+ 40. Kd3 b5 41. b3 Kg5 42. Ke4 c4 43. bxc4 bxc4 44. Kd4 Kh4 45. Kxc4 Kg3 46. Kd3 Kxf3 47. c4 Kg2 48. c5 f3 49. cxd6 f2 50.
d7 f1=Q+ 51. Kd4 Qf6+ 52. Kc5 Qd8 53. Kc6 Kf3 54. Kd6 Ke4 0-1

[Event "*** Titled Tuesday Blitz"]
[Site "Chess.com"]
[Date "2021.04.06"]
[Round "4"]
[White "Durarbayli"]
[Black "Keks2017"]
[Result "1-0"]
[WhiteElo "2743"]
[BlackElo "2530"]
[TimeControl "180+1"]
[EndTime "10:40:35 PDT"]
[Termination "Durarbayli won by checkmate"]

1. e4 d6 2. d4 Nf6 3. Nc3 g6 4. Nf3 Bg7 5. h3 O-O 6. Be3 a6 7. a4 e6 8. Bd3 Nc6 9. Qd2 b6 10.
Bh6 Bb7 11. Bxg7 Kxg7 12. Ne2 e5 13. d5 Ne7 14. Ng3 c6 15. dxc6 Bxc6 16. O-O b5 17.
axb5 axb5 18. Qb4 Qd7 19. Rfd1 Rxa1 20. Rxa1 Rd8 21. Ra6 Qc7 22. Qa3 Nc8 23. Qc3 Ne7 24. Bxb5 Rc8 25. Bd3 Qb7 26. Qa3 Qb8 27. Nxe5 dxe5 28.
Qxe7 Qxb2 29. Kh2 Qd4 30. f3 Re8 31. Qc7 Bd7 32. Rd6 Qa1 33. Rxd7 Nxd7 34. Qxd7 Qa8 35. Bc4 Rf8 36. Bd5 Qe8 37. Qd6 f6 38. c4 h5 39.
c5 h4 40. Nf1 Kh6 41. Ne3 Kg5 42. c6 Rh8 43. c7 Qa4 44. Ng4 f5 45. Qf6+ Kf4 46. Qxe5+ Kg5 47. f4+ Kh5 48. Qxh8# 1-0

[Event "*** Titled Tuesday Blitz"]
[Site "Chess.com"]
[Date "2021.04.06"]
[Round "4"]
[White "Nicolas_Chess10"]
[Black "Grineva_Marianna"]
[Result "1-0"]
[WhiteElo "2448"]
[BlackElo "2246"]
[TimeControl "180+1"]
[EndTime "10:40:35 PDT"]
[Termination "Nicolas_Chess10 won by resignation"]

1. d4 d6 2. c4 Nd7 3. Nc3 c6 4. e3 Ngf6 5. Bd3 e5 6. Nge2 Qc7 7. O-O Be7 8. Qc2 Nf8 9. b3 Ng6 10. Bb2 O-O 11. Rac1 Re8 12. f3 Bd7 13. Ng3 Rad8 14. Qf2 exd4 15. exd4 Nf4 16. Bb1 Qa5 17. Nce4 N6h5 18.
Nxh5 Qxh5 19. Ng3 Qh6 20. Kh1 Bh4 21. Rce1 Ne2 22. Rxe2 Rxe2 23. Qxe2 Bxg3 24. h3 Re8 25. Qc2 Bf4 26. Bc1 Be3 27. Bxe3 Rxe3 28. Kg1 g6 29.
Qf2 Qf4 30. Rd1 Kg7 31. d5 c5 32. Be4 Bf5 33. g3 Qe5 34. Bxf5 gxf5 35. Rd2 Re1+ 36. Kg2 Re3 37. h4 Qc3 38. Re2 Qd4 39. Qxe3 Qxe3 40. Rxe3 Kf6 41. f4 h5 42. Kf3 a6 43. Re8 b5 44. Ra8 bxc4 45. bxc4 Ke7 46. Rxa6 Kf6 47. Rxd6+ Kg7 48. Rc6 f6 49. d6 Kg6 50. Rc7 Kh6 51. d7 1-0

[Event "*** Titled Tuesday Blitz"]
[Site "Chess.com"]
[Date "2021.04.06"]
[Round "4"]
[White "RamyresCoelho"]
[Black "ffbp3q"]
[Result "1-0"]
[WhiteElo "2185"]
[BlackElo "2388"]
[TimeControl "180+1"]
[EndTime "10:40:35 PDT"]
[Termination "RamyresCoelho won on time"]

1. e4 c5 2. Nf3 d6 3. d4 cxd4 4. Nxd4 Nf6 5. Nc3 a6 6. f3 e5 7. Nb3 Be6 8. Be3 h5 9. Qd2 Nbd7 10. O-O-O Qc7 11. Kb1 g6 12. a4 Rc8 13. h4 Be7 14. Bd3 Kf8 15. Bh6+ Kg8 16. Bg5 Kg7 17. Nd5 Bxd5 18.
exd5 Nxd5 19. Bxg6 N7f6 20. Bf5 Rcd8 21. Rh3 Nb6 22.
Rg3 Kf8 23. Bh6+ Ke8 24. Bg5 d5 25. Re1 Nc4 26. Qd3 e4 27. fxe4 dxe4 28. Qc3 Qe5 29. Bxf6 Qxf6 30. Rxe4 Qxc3 31. bxc3 Nd6 32. Rf4 Nxf5 33.
Rxf5 Rd1+ 34. Kb2 Rh6 35. Rgf3 f6 36. Nd4 Rg6 37. Rxh5 Rxg2 38. Rh8+ Kf7 39. Rh7+ Kf8 40.
Ne6+ Ke8 41. Re3 Rd7 42. Ng7+ Kd8 43. Ne6+ 1-0

[Event "*** Titled Tuesday Blitz"]
[Site "Chess.com"]
[Date "2021.04.06"]
[Round "4"]
[White "Borsuk_Konstantin"]
[Black "anon481216"]
[Result "1-0"]
[WhiteElo "2683"]
[BlackElo "2511"]
[TimeControl "180+1"]
[EndTime "10:40:36 PDT"]
[Termination "Borsuk_Konstantin won on time"]

1. d4 d5 2. c4 dxc4 3. Nf3 Nf6 4.
e3 e6 5. Bxc4 a6 6. O-O c5 7.
dxc5 Bxc5 8. Qxd8+ Kxd8 9. Be2 Ke7 10. Nbd2 Bd7 11. Ne5 Bb5 12. Nec4 Nbd7 13. a4 Bc6 14. Nb3 Ba7 15. Bd2 Ne4 16. Bb4+ Kf6 17. Rfd1 Bd5 18.
f3 Bxc4 19. Bxc4 Bxe3+ 20. Kf1 Nec5 21. Ke2 Nxb3 22. Bxb3 Bc5 23. Bc3+ Ke7 24. g4 f6 25. f4 Rhd8 26. Kf3 Nb6 27. Ba5 Rxd1 28. Rxd1 Rc8 29.
Re1 Rc6 30. f5 e5 31. g5 Bd6 32. gxf6+ Kxf6 33. Kg4 Nc4 34. Bc3 b5 35. axb5 axb5 36. Re4 g6 37. fxg6 hxg6 38. h4 Rc8 39. Kg3 Rc6 40.
Kg4 Rc8 41. Re2 Rc6 42. Be1 Kg7 43. Bg3 Kf6 44. Ba2 Rc5 45. Bb1 Rd5 46. b3 Rd4+ 47.
Kh3 Nd2 48. Bc2 e4 49. Bf2 1-0

[Event "*** Titled Tuesday Blitz"]
[Site "Chess.com"]
[Date "2021.04.06"]
[Round "4"]
[White "schondeln"]
[Black "Ermito2020"]
[Result "0-1"]
[WhiteElo "2376"]
[BlackElo "2544"]
[TimeControl "180+1"]
[EndTime "10:40:36 PDT"]
[Termination "Ermito2020 won by resignation"]

1. e4 c5 2. Nf3 d6 3. Bc4 Nc6 4. O-O Nf6 5. Re1 e6 6. Bb3 Be7 7. c3 O-O 8. d4 cxd4 9. cxd4 d5 10. e5 Ne4 11. Bc2 Nb4 12. Bxe4 dxe4 13. Rxe4 Bd7 14. Nc3 Bc6 15. Re1 Bxf3 16. gxf3 Qd7 17. a3 Nd5 18. Ne4 f6 19. Qd3 fxe5 20. dxe5 Rf5 21. Be3 Rxf3 22. Ng3 Raf8 23. Rad1 Qa4 24. Qe4 Qb5 25.
a4 Qxb2 26. Rxd5 exd5 27. Qxd5+ Kh8 28. Ne4 Qb4 29. Re2 Rd8 30. Nd6 Qg4+ 31. Kf1 Rdf8 32. Ke1 Bg5 33. e6 Qb4+ 34. Kf1 Bxe3 35. Nf7+ R3xf7 36. exf7 Qb1+ 37. Re1 Qg6 38. Rxe3 h6 39. Rf3 Kh7 40.
Qf5 Qxf5 41. Rxf5 Kg6 42. Rb5 Rxf7 43. a5 Rf8 44. Kg2 Rf7 45. Kg3 Re7 46. f4 Kf6 47.
Kg4 g6 48. h4 h5+ 49. Kf3 Rd7 50.
Ke4 Re7+ 51. Kf3 Rc7 52. Ke4 Rc4+ 53. Kf3 Ra4 54. Ke3 a6 55. Rxb7 Rxa5 56. Rb6+ Kf5 57. Rb8 Ra3+ 58. Kf2 Kxf4 0-1

[Event "*** Titled Tuesday Blitz"]
[Site "Chess.com"]
[Date "2021.04.06"]
[Round "4"]
[White "Rodchenkov_Vitalij"]
[Black "Ladislav1969"]
[Result "0-1"]
[WhiteElo "2171"]
[BlackElo "2353"]
[TimeControl "180+1"]
[EndTime "10:40:36 PDT"]
[Termination "Ladislav1969 won by resignation"]

1. Nf3 c5 2. c4 Nf6 3. Nc3 g6 4. e4 d6 5. d4 cxd4 6. Nxd4 b6 7.
g3 Bb7 8. Bg2 Bg7 9. O-O Qd7 10.
Re1 Nc6 11. Be3 O-O 12. Qd2 Ng4 13. Nxc6 Qxc6 14. Nd5 Rfe8 15. Rac1 Nxe3 16. Nxe3 Qc5 17. b4 Qc7 18. Nd5 Qd7 19. Ne3 Qe6 20. f4 Bxe4 21.
Nd5 f5 22. Nc7 Qd7 23. Nxa8 Bxg2 24. Qxg2 e6 25. Rcd1 Bc3 26. Re2 Bxb4 27. a3 Bc5+ 28. Kh1 Qc8 29. h3 Qxa8 30. Qxa8 Rxa8 31. Kg2 Kf7 32.
Rde1 Re8 33. Kf3 Kf6 34. g4 e5 35. fxe5+ dxe5 36. Rd2 e4+ 37. Kg2 Bxa3 38. Ra2 Bb4 39. Ree2 a5 40. gxf5 gxf5 41. Kg3 Ke5 42. Kh4 Rg8 43.
Rg2 Rxg2 44. Rxg2 f4 45. Rg7 e3 46. Rg8 Ke4 47. Re8+ Kf3 48. Kg5 e2 49. Kh6 e1=Q 50. Rxe1 Bxe1 51. Kxh7 Ke4 52. h4 Bxh4 53. Kg6 f3 54. Kh5 f2 0-1

[Event "*** Titled Tuesday Blitz"]
[Site "Chess.com"]
[Date "2021.04.06"]
[Round "4"]
[White "TigrVShlyape"]
[Black "BogdanDeac"]
[Result "0-1"]
[WhiteElo "2805"]
[BlackElo "3058"]
[TimeControl "180+1"]
[EndTime "10:40:37 PDT"]
[Termination "BogdanDeac won on time"]

1. d4 Nf6 2. Nf3 d5 3. Bf4 c5 4.
e3 Nc6 5. Nbd2 Qb6 6. dxc5 Qxb2 7. Rb1 Qc3 8. Bb5 g6 9. O-O Bg7 10. Nd4 Bd7 11. N2b3 O-O 12. Ne2 Qb4 13. a4 Ne4 14.
f3 Nc3 15. Nxc3 Bxc3 16. Qxd5 Be6 17. Qd3 Rad8 18. Qe2 Bxb3 19. Rxb3 Qxc5 20. Qc4 Bb4 21. Rfb1 a5 22. Qxc5 Bxc5 23. Bxc6 bxc6 24. Rc3 Rd5 25. Kf1 Bd6 26. e4 Rd4 27. Bh6 Rc8 28. Ke2 Rxa4 29. h4 f6 30. Rb7 Kf7 31. Rcb3 Rb4 32. R3xb4 axb4 33. Bd2 c5 34. g4 h5 35. gxh5 gxh5 36.
c3 bxc3 37. Bxc3 Rg8 38. Be1 Rg2+ 39. Kd3 Rg1 40. Ke2 Rh1 41. Bf2 Rh2 42. Kf1 Rh1+ 43. Kg2 Rc1 44. Be3 Rc2+ 45. Kf1 c4 46. f4 c3 47. Rb5 Rh2 48. e5 fxe5 49. fxe5 Ba3 50. Rb3 Bb2 0-1

[Event "*** Titled Tuesday Blitz"]
[Site "Chess.com"]
[Date "2021.04.06"]
[Round "4"]
[White "Torrentec"]
[Black "ecwinslow"]
[Result "1-0"]
[WhiteElo "2439"]
[BlackElo "2202"]
[TimeControl "180+1"]
[EndTime "10:40:37 PDT"]
[Termination "Torrentec won by resignation"]

1. e4 c5 2. Nf3 d6 3. Bb5+ Nd7 4. O-O Nf6 5. Re1 e6 6. d4 cxd4 7. Qxd4 Be7 8. Nc3 O-O 9. Bg5 a6 10. Bf1 b6 11. Rad1 Qc7 12. a4 Bb7 13. h3 Rfd8 14.
Be3 Nc5 15. Bg5 h6 16. Bh4 g5 17. Bg3 e5 18. Qc4 Rac8 19. Nd5 Nxd5 20. exd5 Nd7 21. Qxc7 Rxc7 22. c4 Bf8 23. h4 g4 24. Nd2 Nc5 25.
b3 f5 26. f3 f4 27. Bf2 g3 28. Bxc5 bxc5 29. Bd3 Bc8 30. h5 Rb7 31. Bg6 Be7 32. Rb1 Bd7 33. Rbc1 Rdb8 34. Rc3 Kg7 35.
Ra1 Kf8 36. Ra3 Bd8 37. Ne4 Ke7 38. Rd3 Ba5 39. Kf1 Bb4 40. Ra2 Ba5 41. Rb2 Bc7 42. Nd2 Bxa4 43. Ra2 Bxb3 44. Rxa6 Bc2 45. Rda3 Rb2 46.
Ra7 Kd8 47. Ra2 Bd3+ 48. Ke1 Rb1+ 49. Nxb1 Rxb1+ 50. Kd2 Bxc4 51. Bxb1 Bxd5 52. Rb2 Bc6 53. Be4 Bd7 54. Rbb7 1-0

[Event "*** Titled Tuesday Blitz"]
[Site "Chess.com"]
[Date "2021.04.06"]
[Round "4"]
[White "IriBu"]
[Black "Andreikka"]
[Result "0-1"]
[WhiteElo "2560"]
[BlackElo "2869"]
[TimeControl "180+1"]
[EndTime "10:40:38 PDT"]
[Termination "Andreikka won by resignation"]

1. e4 c6 2. d4 d5 3. e5 Bf5 4. Nf3 e6 5. Be2 Ne7 6. O-O c5 7. c4 Nbc6 8. Nc3 Nxd4 9. Nxd4 cxd4 10. Qxd4 Nc6 11. Qf4 dxc4 12. Bxc4 a6 13. Bb3 Bg6 14. h4 Be7 15. g3 Qa5 16. Re1 O-O-O 17. Bd2 Rd4 18. Qe3 Qxe5 19. Qxe5 Nxe5 20. Rxe5 Rxd2 21.
Re2 Rhd8 22. Rae1 Bf6 23. Na4 Kc7 24. Rc1+ Kb8 25. Rxd2 Rxd2 26. Nb6 Rxb2 27. Nd7+ Ka7 28. Nxf6 gxf6 29. Rc7 Kb6 30. Rd7 Kc6 31. Rd8 Be4 32. Kf1 b5 33. Rc8+ Kb6 34. Rf8 Bg6 35. g4 h5 36. gxh5 Bxh5 37. Rh8 Bf3 38. Kg1 a5 39. h5 Rb1+ 40. Kh2 Rh1+ 41. Kg3 Rxh5 42.
Rf8 Bd5 43. Bxd5 Rxd5 44. Rxf7 f5 45. Re7 Re5 46. f3 b4 47. Kf4 Re2 48. Kg5 a4 49.
Re8 Rxa2 50. Rxe6+ Kc5 51. Re5+ Kc4 52. Kxf5 b3 53. Re4+ Kc3 54. Ke6 b2 55. Re3+ Kd2 0-1

[Event "*** Titled Tuesday Blitz"]
[Site "Chess.com"]
[Date "2021.04.06"]
[Round "4"]
[White "GMSrinath"]
[Black "AldokhinIvan"]
[Result "0-1"]
[WhiteElo "2807"]
[BlackElo "2529"]
[TimeControl "180+1"]
[EndTime "10:40:39 PDT"]
[Termination "AldokhinIvan won by resignation"]

1. Nf3 Nf6 2. c4 g6 3. b3 Bg7 4. Bb2 O-O 5. g3 d6 6. Bg2 Nc6 7. d4 Bf5 8. O-O a5 9. d5 Nb4 10. a3 Na6 11. Nbd2 Nc5 12. b4 axb4 13. axb4 Nce4 14. Nb3 e5 15. Nh4 Bd7 16. Na5 Qc8 17. Qc1 h6 18. c5 Bb5 19. Re1 g5 20. Nf3 Ng4 21. cxd6 cxd6 22. Qxc8 Raxc8 23. Nxb7 Rc2 24. Bc1 Ngxf2 25. Ra3 Bxe2 26. Re3 Ba6 27. Na5 f5 28. Nc6 Rf7 29. Ra3 Bc4 30. Be3 Ng4 31. Bb6 Bxd5 32. b5 Rb7 33. Ba5 Rxg2+ 34. Kxg2 Nd2 35. Ne7+ Rxe7 36. Rd3 Bxf3+ 37. Rxf3 Nxf3 38. Kxf3 e4+ 39. Ke2 Rb7 40. b6 Bd4 41. Rb1 Ne5 42. Rc1 Bc5 43. Rc2 f4 44. gxf4 gxf4 45. Kf1 f3 46. Be1 e3 0-1

[Event "*** Titled Tuesday Blitz"]
[Site "Chess.com"]
[Date "2021.04.06"]
[Round "4"]
[White "Snowflake"]
[Black "TosicSrecko"]
[Result "1/2-1/2"]
[WhiteElo "2496"]
[BlackElo "2324"]
[TimeControl "180+1"]
[EndTime "10:40:39 PDT"]
[Termination "Game drawn by repetition"]

1. Nf3 d5 2. e3 c6 3. c4 e6 4. b3 Nf6 5. Bb2 Be7 6. d4 Nbd7 7. Nbd2 O-O 8. Bd3 b6 9. O-O Bb7 10. Qe2 c5 11. cxd5 exd5 12. Rfd1 Re8 13. Rac1 Rc8 14.
h3 Bd6 15. Qf1 Qe7 16. Ba6 Bxa6 17. Qxa6 Rc7 18. a4 Nb8 19. Qf1 Nc6 20. dxc5 bxc5 21.
Nb1 Nb4 22. Nc3 a6 23. Ba3 Qe6 24. Bxb4 cxb4 25. Nd4 Qe5 26. Nf3 Qe6 27. Ne2 Rec8 28.
Rxc7 Rxc7 29. Ned4 Qc8 30. Ne1 Ne4 31. Nd3 Bf8 32.
Rc1 Nc3 33. Kh1 g6 34. Nf4 a5 35. Re1 Bh6 36. Nd3 Ne4 37. Nf3 Rc2 38. Re2 Rc3 39. Rb2 Bxe3 40. Kg1 Nxf2 41. Nxf2 d4 42. Re2 Rxb3 43.
Kh1 Rc3 44. Re1 b3 45. Ne4 b2 46. Ne5 Rc1 47. Qxf7+ Kh8 48. Qf6+ Kg8 49. Qf7+ Kh8 50. Qf6+ Kg8 51. Qf7+ 1/2-1/2

[Event "*** Titled Tuesday Blitz"]
[Site "Chess.com"]
[Date "2021.04.06"]
[Round "4"]
[White "731291"]
[Black "evgchess5"]
[Result "1-0"]
[WhiteElo "2673"]
[BlackElo "2913"]
[TimeControl "180+1"]
[EndTime "10:40:40 PDT"]
[Termination "731291 won on time"]

1. e4 c5 2. Nc3 e6 3. Nf3 Nc6 4. d4 cxd4 5. Nxd4 a6 6. Nxc6 bxc6 7. Bd3 d5 8. O-O Nf6 9. b3 Be7 10. Bb2 O-O 11. Qe2 Bb7 12. Rad1 Qc7 13. Na4 dxe4 14. Bxe4 Nxe4 15. Qxe4 Rad8 16. Qg4 e5 17. Qf5 f6 18.
Qe6+ Kh8 19. h3 c5 20. Bc1 Qc6 21. Qxc6 Bxc6 22. Nb6 Rxd1 23. Rxd1 Rd8 24. Rxd8+ Bxd8 25. Nc8 Bd7 26. Nd6 Be7 27. Nc4 Kg8 28. f3 Kf7 29.
Kf2 Ke6 30. g4 g6 31. f4 exf4 32. Bxf4 Bc6 33. Ne3 Be4 34. Ke2 c4 35. bxc4 Bc5 36. Kd2 Bb4+ 37. c3 Bc5 38. h4 Be7 39. g5 f5 40. Nc2 Bc5 41. Nd4+ Kd7 42. Ke3 Bb1 43. a4 Bc2 44. a5 Be4 45. Be5 1-0

[Event "*** Titled Tuesday Blitz"]
[Site "Chess.com"]
[Date "2021.04.06"]
[Round "4"]
[White "AsaHoffmann"]
[Black "barbara25"]
[Result "0-1"]
[WhiteElo "2338"]
[BlackElo "2190"]
[TimeControl "180+1"]
[EndTime "10:40:40 PDT"]
[Termination "barbara25 won by checkmate"]

1. d4 Nf6 2. Bg5 d5 3. Nd2 e6 4.
e3 Be7 5. Bd3 b6 6. Qe2 Bb7 7. f4 Nbd7 8. Ngf3 O-O 9. O-O c5 10.
c3 Ne4 11. Bxe7 Qxe7 12. Bxe4 dxe4 13. Ne5 f6 14. Ng4 cxd4 15. exd4 f5 16. Ne3 a5 17. h3 Ba6 18. Ndc4 Rac8 19. a4 Nf6 20. b3 Nd5 21.
Rfc1 Qc7 22. g3 Nxe3 23. Qxe3 Bxc4 24. bxc4 Qxc4 25. Rab1 Rc6 26. Rb5 Qxa4 27. Re5 Qc4 28. g4 a4 29. Kh2 a3 30. gxf5 Rxf5 31. Rxe4 a2 32. Ra1 Ra5 33. f5 Rxf5 34. Rg4 Qxc3 35. Qxc3 Rxc3 36. Rxa2 Rc7 37. Rb2 b5 38. Kg3 Kf7 39.
Re4 Rb7 40. Rb4 Kf6 41. h4 g6 42. Kg4 h5+ 43. Kg3 Ke7 44. Re1 Kd6 45. Rc1 Rbf7 46. Rc8 Rf3+ 47. Kg2 Rf2+ 48. Kg1 Rf1+ 49. Kg2 R7f2+ 50.
Kg3 Rf5 51. Rd8+ Kc6 52. Rg8 Rg1+ 53. Kh2 Rg4 54. Kh3 Rf3+ 55. Kh2 Rff4 56. Re8 Rxh4+ 57. Kg3 Rxd4 58. Rxe6+ Kc5 59. Rb1 Rhg4+ 60. Kf3 b4 61. Re8 Rd3+ 62. Kf2 b3 63. Rc8+ Kb6 64. Rb8+ Kc7 65.
R8xb3 Rxb3 66. Rxb3 Kd6 67. Rb5 Ke6 68. Kf3 Kf6 69. Rc5 Ra4 70. Rb5 Ra6 71. Rc5 g5 72. Rb5 Kg6 73. Rc5 h4 74. Rc4 Kh5 75. Rc3 Ra5 76. Kg2 g4 77. Rc2 h3+ 78. Kg3 Ra3+ 79. Kh2 Kh4 80. Rd2 g3+ 81. Kg1 Kg4 82. Rd1 Ra2 83.
Rc1 Kf3 84. Rc3+ Kf4 85. Rc4+ Ke5 86. Rc1 Rd2 87. Re1+ Kd4 88. Rf1 Ke3 89. Re1+ Kd3 90. Rf1 Ke2 91. Re1+ Kxe1 92. Kh1 Ke2 93. Kg1 Rd1# 0-1